TOP OF THE 1ST |
---|
Allentown Hillbillies batting - Pitching for Tuscaloosa Trout Slayers : RHP Rafael Ramírez | Pitching: RHP Rafael Ramírez | | Batting: LHB Júlio Lorenzo | 0-0: Foul Ball, location: 2F 0-1: Ball 1-1: Foul Ball, location: 2F 1-2: Strikes out swinging | Batting: RHB Von Ford | 0-0: Ground out 4-3 (Groundball, 34) | Batting: RHB Dan Banks | 0-0: Ball 1-0: Foul Ball, location: 2F 1-1: Ball 2-1: Swinging Strike 2-2: Strikes out swinging | Top of the 1st over - 0 runs, 0 hits, 0 errors, 0 left on base; Allentown 0 - Tuscaloosa 0 | BOTTOM OF THE 1ST |
---|
Tuscaloosa Trout Slayers batting - Pitching for Allentown Hillbillies : LHP Holden Clark | Pitching: LHP Holden Clark | | Batting: RHB Alfredo Díaz | 0-0: Called Strike 0-1: Ball 1-1: Ball 2-1: Ball 3-1: Foul Ball, location: 2F 3-2: Foul Ball, location: 2F 3-2: Fly out, F8 (Flyball, 8LM) | Batting: RHB José Fernández | 0-0: Ball 1-0: Ball 2-0: Called Strike 2-1: Foul Ball, location: 2F 2-2: Ball 3-2: Foul Ball, location: 2F 3-2: Foul Ball, location: 2F 3-2: Fly out, F7 (Flyball, 78M) | Batting: LHB José Delgado | 0-0: Ball 1-0: Reached on error, E4 (Groundball, 4) | Batting: LHB Ed Hart | 0-0: Foul Ball, location: 2F 0-1: Ball 1-1: Ball 2-1: Foul Ball, location: 2F 2-2: Ball 3-2: Foul Ball, location: 2F 3-2: Base on Balls José Delgado to second | Batting: RHB Shigemasa Ishida | 0-0: Ground out U3 (Groundball, 34S) | Bottom of the 1st over - 0 runs, 0 hits, 1 error, 2 left on base; Allentown 0 - Tuscaloosa 0 | TOP OF THE 2ND |
---|
Allentown Hillbillies batting - Pitching for Tuscaloosa Trout Slayers : RHP Rafael Ramírez | Batting: LHB John Hudson | 0-0: Ball 1-0: Fly out, F7 (Flyball, 7D) | Batting: RHB Millard Stark | 0-0: Foul Ball, location: 2F 0-1: Called Strike 0-2: Foul Ball, location: 2F 0-2: Ball 1-2: Foul Ball, location: 2F 1-2: Ball 2-2: Foul Ball, location: 2F 2-2: Ball 3-2: SOLO HOME RUN (Flyball, 9LD), Distance : 362 ft | Batting: RHB Germano Labrego | 0-0: Ball 1-0: Swinging Strike 1-1: Foul Ball, location: 2F 1-2: Foul Ball, location: 2F 1-2: Ball 2-2: Strikes out swinging | Batting: RHB Donald Sanford | 0-0: Ball 1-0: Ground out 5-3 (Groundball, 5) | Top of the 2nd over - 1 run, 1 hit, 0 errors, 0 left on base; Allentown 1 - Tuscaloosa 0 | BOTTOM OF THE 2ND |
---|
Tuscaloosa Trout Slayers batting - Pitching for Allentown Hillbillies : LHP Holden Clark | Batting: RHB Jason Erickson | 0-0: Ball 1-0: Fly out, F9 (Flyball, 9S) | Batting: RHB Kyle O'Day | 0-0: Ball 1-0: Called Strike 1-1: Fly out, F9 (Flyball, 9LMF) | Batting: RHB Juan Reyes | 0-0: Ball 1-0: Foul Ball, location: 2F 1-1: Ball 2-1: Ground out U3 (Groundball, 34D) | Bottom of the 2nd over - 0 runs, 0 hits, 0 errors, 0 left on base; Allentown 1 - Tuscaloosa 0 | TOP OF THE 3RD |
---|
Allentown Hillbillies batting - Pitching for Tuscaloosa Trout Slayers : RHP Rafael Ramírez | Batting: RHB Justin Harris | 0-0: Called Strike 0-1: Ball 1-1: Foul Ball, location: 2F 1-2: Ball 2-2: Ball 3-2: Fly out, F9 (Flyball, 9LM) | Batting: RHB Kolomon Meise | 0-0: Ball 1-0: Ball 2-0: Called Strike 2-1: Swinging Strike 2-2: Ball 3-2: Base on Balls | Batting: LHB Júlio Lorenzo | 0-0: Ball 1-0: Fly out, F5 (Popup, 5F) | Batting: RHB Von Ford | 0-0: Called Strike 0-1: Swinging Strike Kolomon Meise is caught stealing 2nd base | Top of the 3rd over - 0 runs, 0 hits, 0 errors, 0 left on base; Allentown 1 - Tuscaloosa 0 | BOTTOM OF THE 3RD |
---|
Tuscaloosa Trout Slayers batting - Pitching for Allentown Hillbillies : LHP Holden Clark | Batting: RHB José Ortega | 0-0: Called Strike 0-1: Ball 1-1: Fly out, F6 (Popup, 6) | Batting: RHB Alfredo Díaz | 0-0: Swinging Strike 0-1: Ball 1-1: Foul Ball, location: 2F 1-2: Strikes out swinging | Batting: RHB José Fernández | 0-0: Ground out 6-3 (Groundball, 6MS) | Bottom of the 3rd over - 0 runs, 0 hits, 0 errors, 0 left on base; Allentown 1 - Tuscaloosa 0 | TOP OF THE 4TH |
---|
Allentown Hillbillies batting - Pitching for Tuscaloosa Trout Slayers : RHP Rafael Ramírez | Batting: RHB Von Ford | 0-0: Ground out U3 (Groundball, 34) | Batting: RHB Dan Banks | 0-0: Foul Ball, location: 2F 0-1: Ball 1-1: Fly out, F9 (Flyball, 89M) | Batting: LHB John Hudson | 0-0: Foul Ball, location: 2F 0-1: Ball 1-1: Called Strike 1-2: Ball 2-2: Ball 3-2: Strikes out swinging | Top of the 4th over - 0 runs, 0 hits, 0 errors, 0 left on base; Allentown 1 - Tuscaloosa 0 | BOTTOM OF THE 4TH |
---|
Tuscaloosa Trout Slayers batting - Pitching for Allentown Hillbillies : LHP Holden Clark | Batting: LHB José Delgado | 0-0: Called Strike 0-1: Called Strike 0-2: Strikes out swinging | Batting: LHB Ed Hart | 0-0: Ball 1-0: SINGLE (Line Drive, 78S) | Batting: RHB Shigemasa Ishida | 0-0: Fly out, F7 (Flyball, 78M) | Batting: RHB Jason Erickson | 0-0: Called Strike 0-1: Ball 1-1: SINGLE (Line Drive, 4MD) Ed Hart to second | Batting: RHB Kyle O'Day | 0-0: SINGLE (Popup, 3DF) Ed Hart to third Jason Erickson to second Runner from 3rd tries for Home, SAFE, throw made home | Batting: RHB Juan Reyes | 0-0: Called Strike 0-1: DOUBLE (Line Drive, 89XD) Jason Erickson scores Kyle O'Day to third Runner from 3rd tries for Home, SAFE, no throw | Pinch Runner at 2nd Mark Owens: | | Batting: RHB José Ortega | 0-0: DOUBLE (Line Drive, 7LS) Mark Owens scores | Batting: RHB Alfredo Díaz | 0-0: Called Strike 0-1: Ball 1-1: Ball 2-1: Ball 3-1: Foul Ball, location: 2F 3-2: Foul Ball, location: 2F 3-2: Base on Balls | Batting: RHB José Fernández | 0-0: 3-RUN HOME RUN (Flyball, 8LD), Distance : 433 ft | Batting: LHB José Delgado | 0-0: Ball 1-0: Called Strike 1-1: Foul Ball, location: 2F 1-2: Ground out 6-3 (Groundball, 6M) | Bottom of the 4th over - 7 runs, 6 hits, 0 errors, 0 left on base; Allentown 1 - Tuscaloosa 7 | TOP OF THE 5TH |
---|
Allentown Hillbillies batting - Pitching for Tuscaloosa Trout Slayers : RHP Rafael Ramírez | Now at 2B: Mark Owens | | Batting: RHB Millard Stark | 0-0: Fly out, F6 (Popup, 6MS) | Batting: RHB Germano Labrego | 0-0: Swinging Strike 0-1: Called Strike 0-2: Foul Ball, location: 2F 0-2: Strikes out looking | Batting: RHB Donald Sanford | 0-0: Swinging Strike 0-1: SINGLE (Flyball, 78M) | Batting: RHB Justin Harris | 0-0: Foul Ball, location: 2F 0-1: Foul Ball, location: 2F 0-2: Ball 1-2: Foul Ball, location: 2F 1-2: Foul Ball, location: 2F 1-2: Strikes out swinging | Top of the 5th over - 0 runs, 1 hit, 0 errors, 1 left on base; Allentown 1 - Tuscaloosa 7 | BOTTOM OF THE 5TH |
---|
Tuscaloosa Trout Slayers batting - Pitching for Allentown Hillbillies : LHP Holden Clark | Batting: LHB Ed Hart | 0-0: Ball 1-0: Foul Ball, location: 2F 1-1: Ball 2-1: SINGLE (Groundball, 4MD) | Pitching: LHP Emílio Trevino | | Batting: RHB Shigemasa Ishida | 0-0: Ball 1-0: Ball 2-0: Ball 3-0: Called Strike 3-1: Called Strike 3-2: SINGLE (Flyball, 34D) Ed Hart to second | Batting: RHB Jason Erickson | 0-0: Ball 1-0: Called Strike 1-1: Swinging Strike 1-2: Ball 2-2: DOUBLE (Groundball, 5L) Ed Hart scores Shigemasa Ishida to third Runner from 3rd tries for Home, SAFE, no throw | Batting: RHB Kyle O'Day | 0-0: Ball 1-0: SINGLE (Line Drive, 4D) Jason Erickson to third Runner from 3rd tries for Home, SAFE, throw made home | Now in CF: António Salazar | | Batting: LHB Mark Owens | 0-0: Ball 1-0: Foul Ball, location: 2F 1-1: Ball 2-1: Foul Ball, location: 2F 2-2: Ball 3-2: DOUBLE (Line Drive, 8LD) Kyle O'Day to third | Batting: RHB José Ortega | 0-0: Called Strike 0-1: TRIPLE (Line Drive, 78XD) Kyle O'Day scores Mark Owens scores | Batting: RHB Alfredo Díaz | 0-0: Called Strike 0-1: SINGLE (Groundball, 5S) (infield hit) José Ortega scores | Batting: RHB José Fernández | 0-0: Ball 1-0: Ball 2-0: Called Strike 2-1: Called Strike 2-2: Strikes out swinging | Batting: LHB José Delgado | 0-0: Ball 1-0: Fielders Choice at 2nd, 4-6 (Groundball, 4) | Batting: LHB Ed Hart | 0-0: Foul Ball, location: 2F 0-1: Foul Ball, location: 2F 0-2: Ball José Delgado steals 2nd base 1-2: Ball 2-2: Ball 3-2: Foul Ball, location: 2F 3-2: Base on Balls | Batting: RHB Shigemasa Ishida | 0-0: Ball 1-0: Ball 2-0: Foul Ball, location: 2F 2-1: Called Strike 2-2: Foul Ball, location: 2F 2-2: Ball 3-2: Foul Ball, location: 2F 3-2: Base on Balls José Delgado to third Ed Hart to second | Batting: RHB Jason Erickson | 0-0: Foul Ball, location: 2F 0-1: Called Strike 0-2: Foul Ball, location: 2F 0-2: DOUBLE (Line Drive, 78D) José Delgado scores Ed Hart scores Shigemasa Ishida to third Runner from 3rd tries for Home, SAFE, no throw | Batting: RHB Kyle O'Day | 0-0: Foul Ball, location: 2F 0-1: Foul Ball, location: 2F 0-2: Foul Ball, location: 2F 0-2: Ball 1-2: Foul Ball, location: 2F 1-2: Strikes out swinging | Bottom of the 5th over - 9 runs, 8 hits, 0 errors, 1 left on base; Allentown 1 - Tuscaloosa 16 | TOP OF THE 6TH |
---|
Allentown Hillbillies batting - Pitching for Tuscaloosa Trout Slayers : RHP Rafael Ramírez | Batting: RHB Kolomon Meise | 0-0: Called Strike 0-1: Foul Ball, location: 2F 0-2: Ball 1-2: Ball 2-2: Strikes out swinging | Batting: LHB António Salazar | 0-0: Called Strike 0-1: Called Strike 0-2: Ball 1-2: Ball 2-2: Ball 3-2: Ground out 1-3 (Groundball, 13) | Batting: RHB Von Ford | 0-0: Called Strike 0-1: Swinging Strike 0-2: Ball 1-2: Strikes out swinging | Top of the 6th over - 0 runs, 0 hits, 0 errors, 0 left on base; Allentown 1 - Tuscaloosa 16 | BOTTOM OF THE 6TH |
---|
Tuscaloosa Trout Slayers batting - Pitching for Allentown Hillbillies : LHP Emílio Trevino | Batting: LHB Mark Owens | 0-0: Ball 1-0: Ball 2-0: Called Strike 2-1: Ball 3-1: Foul Ball, location: 2F 3-2: Base on Balls | Pitching: RHP Millard Manning | | Batting: RHB José Ortega | 0-0: Ball 1-0: Called Strike 1-1: Ball 2-1: Fielders Choice at 2nd, 3-6 (Groundball, 34) | Batting: RHB Alfredo Díaz | 0-0: Ball 1-0: Ball 2-0: Ball 3-0: Called Strike 3-1: Swinging Strike 3-2: Fly out, F7 (Line Drive, 7S) | Batting: RHB José Fernández | 0-0: Ball 1-0: Ball José Ortega is caught stealing 2nd base | Bottom of the 6th over - 0 runs, 0 hits, 0 errors, 0 left on base; Allentown 1 - Tuscaloosa 16 | TOP OF THE 7TH |
---|
Allentown Hillbillies batting - Pitching for Tuscaloosa Trout Slayers : RHP Rafael Ramírez | Batting: RHB Dan Banks | 0-0: Ball 1-0: SINGLE (Groundball, 6M) (infield hit) | Batting: LHB John Hudson | 0-0: Ball 1-0: Ball 2-0: Ball 3-0: Called Strike 3-1: 2-RUN HOME RUN (Flyball, 9D), Distance : 395 ft | Batting: RHB Millard Stark | 0-0: Called Strike 0-1: Ball 1-1: SINGLE (Groundball, 56D) | Batting: RHB Germano Labrego | 0-0: Reached on error, E6 (Groundball, 6MD) Millard Stark to second | Batting: RHB Donald Sanford | 0-0: Ball 1-0: Ball 2-0: Swinging Strike 2-1: Fly out, F5 (Popup, 5SF) | Batting: RHB Justin Harris | 0-0: Ball 1-0: Called Strike 1-1: Ball 2-1: Called Strike 2-2: Ball 3-2: Foul Ball, location: 2F 3-2: Fly out, F8 (Flyball, 8LM) | Batting: RHB Kolomon Meise | 0-0: Called Strike 0-1: Ball 1-1: Swinging Strike 1-2: Foul Ball, location: 2F 1-2: 3-RUN HOME RUN (Flyball, 78XD), Distance : 391 ft | Batting: LHB António Salazar | 0-0: Ball 1-0: Called Strike 1-1: Swinging Strike 1-2: Strikes out looking | Top of the 7th over - 5 runs, 4 hits, 1 error, 0 left on base; Allentown 6 - Tuscaloosa 16 | BOTTOM OF THE 7TH |
---|
Tuscaloosa Trout Slayers batting - Pitching for Allentown Hillbillies : RHP Millard Manning | Batting: RHB José Fernández | 0-0: Called Strike 0-1: Ball 1-1: Swinging Strike 1-2: Ball 2-2: Foul Ball, location: 2F 2-2: Foul Ball, location: 2F 2-2: Ball 3-2: Ground out 6-3 (Groundball, 6S) | Batting: LHB José Delgado | 0-0: Ball 1-0: Called Strike 1-1: Ground out 1-3 (Groundball, 15S) | Batting: LHB Ed Hart | 0-0: Ball 1-0: Ball 2-0: Reached on error, E6 (Groundball, 6M) | Batting: RHB Shigemasa Ishida | 0-0: Ball 1-0: Ball 2-0: Called Strike 2-1: Ball 3-1: Fly out, F9 (Flyball, 9S) | Bottom of the 7th over - 0 runs, 0 hits, 1 error, 1 left on base; Allentown 6 - Tuscaloosa 16 | TOP OF THE 8TH |
---|
Allentown Hillbillies batting - Pitching for Tuscaloosa Trout Slayers : RHP Rafael Ramírez | Now in LF: Lynn Ford | | Pinch Hitting: RHB Albert Lutz | 0-0: Called Strike 0-1: Ball 1-1: Called Strike 1-2: Ball 2-2: Foul Ball, location: 2F 2-2: SINGLE (Line Drive, 56) | Batting: RHB Dan Banks | 0-0: Called Strike 0-1: Fly out, F9 (Flyball, 9D) | Pitching: LHP Kelly Henry | | Batting: LHB John Hudson | 0-0: Ball 1-0: Swinging Strike 1-1: Ball 2-1: Ball 3-1: Foul Ball, location: 2F 3-2: Strikes out swinging Albert Lutz steals 2nd base Batter strikes out. | Batting: RHB Millard Stark | 0-0: Ball 1-0: Foul Ball, location: 2F 1-1: 2-RUN HOME RUN (Flyball, 7LD), Distance : 329 ft | Batting: RHB Germano Labrego | 0-0: Called Strike 0-1: Ball 1-1: DOUBLE (Line Drive, 78D) | Batting: RHB Donald Sanford | 0-0: Ball 1-0: Ball 2-0: Called Strike 2-1: Ball 3-1: Base on Balls | Batting: RHB Justin Harris | 0-0: Ball 1-0: Ball 2-0: SINGLE (Groundball, 6MD) Germano Labrego to third Donald Sanford to second Runner from 3rd tries for Home, throw and OUT! | Top of the 8th over - 2 runs, 4 hits, 0 errors, 2 left on base; Allentown 8 - Tuscaloosa 16 | BOTTOM OF THE 8TH |
---|
Tuscaloosa Trout Slayers batting - Pitching for Allentown Hillbillies : RHP Millard Manning | Now at 2B: Bartolo López | | Batting: RHB Jason Erickson | 0-0: Called Strike 0-1: Ball 1-1: Foul Ball, location: 2F 1-2: Ball 2-2: Strikes out looking | Batting: RHB Kyle O'Day | 0-0: Swinging Strike 0-1: Foul Ball, location: 2F 0-2: Ball 1-2: Strikes out looking | Batting: LHB Mark Owens | 0-0: Ball 1-0: Fly out, F7 (Flyball, 7) | Bottom of the 8th over - 0 runs, 0 hits, 0 errors, 0 left on base; Allentown 8 - Tuscaloosa 16 | TOP OF THE 9TH |
---|
Allentown Hillbillies batting - Pitching for Tuscaloosa Trout Slayers : LHP Kelly Henry | Now in RF: Mark McDonald | | Batting: RHB Kolomon Meise | 0-0: Called Strike 0-1: Ball 1-1: Ball 2-1: Ball 3-1: Foul Ball, location: 2F 3-2: Ground out 1-3 (Groundball, 13S) | Batting: LHB António Salazar | 0-0: Hit by Pitch | Batting: RHB Bartolo López | 0-0: Grounds into double play, 5-4-3 (Groundball, 5) | Top of the 9th over - 0 runs, 0 hits, 0 errors, 0 left on base; Allentown 8 - Tuscaloosa 16 | |